 Dungeon Crawl Stone Soup version bcrawl-1.19.2-6-g6a88ae04c9 (webtiles) character file.

Game seed: 6985032094747013551

102 Mrkan the Skirmisher (level 4, -1/41 HPs)
             Began as a Minotaur Fighter on Jan 4, 2020.
             Killed from afar by an orc wizard (5 damage)
             ... with a magic dart
             ... on level 3 of the Dungeon.
             The game lasted 00:02:24 (1222 turns).

Mrkan the Skirmisher (Minotaur Fighter)             Turns: 1222, Time: 00:02:24

Health: -1/41      AC:  9    Str: 21    XL:     4   Next: 49%
Magic:  3/3        EV:  5    Int:  5    God:
Gold:   79         SH:  9    Dex: 10    Spells: 3/3 levels left

rFire    . . .     SeeInvis .   a - +0 war axe
rCold    . . .     Gourm    .   c - +0 shield
rNeg     . . .     Faith    .   o - +0 chain mail
rPois    .         Spirit   .   (helmet restricted)
rElec    .         Reflect  .   (no cloak)
rCorr    .         Harm     .   (no gloves)
MR       .....                  (no boots)
Stlth    ..........             (no amulet)
HPRegen  0.13/turn              (no ring)
MPRegen  0.08/turn              (no ring)

@: lethally poisoned (-1 -> -2)
A: retaliatory headbutt, horns 2
a: no special abilities


You were on level 3 of the Dungeon.
You were not hungry.

You visited 1 branch of the dungeon, and saw 3 of its levels.

You collected 79 gold pieces.

Inventory:

Hand Weapons
 a - a +0 war axe (weapon)
Armour
 c - a +0 shield (worn)
 o - a +0 chain mail (worn)
Jewellery
 g - a cursed amulet of inaccuracy {unknown}
Scrolls
 i - a scroll of magic mapping {unknown}
 j - 2 scrolls of teleportation {unknown}
 m - a scroll of identify {unknown}
Potions
 d - a potion of might
 e - a potion of resistance {unknown}
 h - a potion of heal wounds
 l - a potion of lignification {unknown}
 n - a potion of flight {unknown}
Comestibles
 f - 6 rations {!d}


   Skills:
 + Level 4.3 Fighting
 * Level 4.1 Axes
 + Level 4.3 Armour
 + Level 4.2 Shields


You had 3 spell levels left.
You didn't know any spells.
Your spell library was empty.

Dungeon Overview and Level Annotations

Branches:
Dungeon (3/12)

Altars:


Innate Abilities, Weirdness & Mutations

You reflexively headbutt those who attack you in melee.
You have a pair of horns on your head.


Message History

The orc wizard hits you with a +0 dagger.
You hit the orc wizard.
The orc wizard is heavily wounded.
You feel sick.
The orc wizard hits you but does no damage.
The orc wizard casts a spell.
The orc wizard blinks!
The orc wizard barely misses you.
You closely miss the orc wizard.
The orc wizard is heavily wounded.
You feel sick. You block the orc wizard's attack. x2
You barely miss the orc wizard.
You headbutt the orc wizard, but do no damage.
The orc wizard is heavily wounded.
The orc wizard gestures at you while chanting.
The magic dart hits you!
* * * LOW HITPOINT WARNING * * *
The orc wizard points at you and mumbles some strange words.
The magic dart hits you!
You die...

##...####
.......######
#..........#
+...:......#
#..........#
###.!........######
...................
.##(.......).......
#.......@o[?.....
##............^...
#....<.....$######
#.......#####
#.......#
#.......$.#
###.......#
#.......# #.......#


You could see an orc wizard.

Vanquished Creatures
  4 adders
  3 worms
  2 dart slugs
  3 leopard geckos (D:2)
  4 orcs (D:3)
  5 bats
  A giant cockroach (D:1)
  6 goblins
  5 hobgoblins
  7 kobolds
  A quokka (D:2)
  2 ball pythons
  2 frilled lizards
  2 rats
47 creatures vanquished.

Notes
Turn   | Place    | Note
-------+----------+-------------------------------------------
     0 | D:1      | Mrkan the Minotaur Fighter began the quest for the Orb.
     0 | D:1      | Reached XP level 1. HP: 19/19 MP: 0/0
    57 | D:1      | Reached XP level 2. HP: 22/27 MP: 1/1
   682 | D:2      | Reached XP level 3. HP: 32/33 MP: 2/2
   946 | D:2      | Reached XP level 4. HP: 34/40 MP: 3/3
  1210 | D:3      | HP: 2/41 [orc wizard/magic dart (2)]
  1222 | D:3      | Killed from afar by an orc wizard

Skill      XL: |  1  2  3  4 |
---------------+-------------+-----
Axes           | 3 4 |  4.1
Fighting       | 4 |  4.3
Shields        | 4 |  4.2
Armour         | 4 |  4.3

Action                   |  1- 3 |  4- 6 || total
-------------------------+-------+-------++-------
Melee: War axe           |    75 |    30 ||   105
       Headbutt          |     9 |     3 ||    12
  Use: Potion            |       |     1 ||     1
  Eat: Chunk             |       |     1 ||     1
Armor: Scale mail        |    30 |     2 ||    32
       Chain mail        |       |    25 ||    25
Dodge: Dodged            |    26 |    12 ||    38
Block: Shield            |    47 |    24 ||    71
